 Dungeon Crawl Stone Soup version 0.28-b1-25-g9875b3fc8c (webtiles) character file.

Game seed: 17906781747058245900

556458 Gabide the Slayer (level 27, -11/232 (235) HPs)
             Began as a Human Monk on Jan 26, 2022.
             Was a Priest of Elyvilon.
             Killed from afar by an ancient lich (79 damage)
             ... with a crystal spear
             ... on level 5 of the Realm of Zot on Jan 31, 2022.
             The game lasted 05:10:21 (97534 turns).

Gabide the Slayer (Human Monk)                     Turns: 97534, Time: 05:10:21

HP:   -11/232 (235) AC: 30    Str:  9 (10) XL:     27
MP:   23/36         EV: 23    Int: 13      God:    Elyvilon [***...]
Gold: 4799          SH:  9    Dex: 28 (29) Spells: 26/26 levels left

rFire   + + .      SeeInvis +   L - +12 broad axe of Wrath {vorpal, rPois rC+ Will+ Int-2}
rCold   + + +      Faith    +   S - +1 buckler {AC+3}
rNeg    + . .      Spirit   .   p - +6 scale mail {rF+}
rPois   +          Reflect  .   F - -2 hat of the Alchemist {rElec rPois rF+ rC+ rN+ Will+ rMut rCorr}
rElec   +          Harm     +   y - +1 cloak of the Mind {Harm rC+ SInv}
rCorr   +          Rampage  +   m - +5 pair of gloves "Zuall" {Regen+ rCorr}
rMut    +                       e - +0 pair of boots of Fortification {rElec rPois Str-4 Slay+3}
Will    +++++                   Z - amulet of Vesayro {Faith Rampage Fly Int+4 Slay+2}
Stlth   +++++.....              X - ring of Cheibriados's Wrath {rPois rC+ Dex+2 Stlth+}
HPRegen 1.28/turn               g - +4 ring of protection
MPRegen 0.25/turn

@: flying, lightly drained, unable to read
A: deterioration 1, strong-willed 1, inability to read while threatened
}: 3/15 runes: barnacled, silver, gossamer
a: Renounce Religion, Purification, Heal Other, Heal Self


You were on level 5 of the Realm of Zot.
You worshipped Elyvilon.
Elyvilon was most pleased with you.
You visited 10 branches of the dungeon, and saw 49 of its levels.

You collected 7018 gold pieces.
You spent 2219 gold pieces at shops.

Inventory:

Hand Weapons
 s - a +7 great mace of freezing
 L - the +12 broad axe of Wrath (weapon) {vorpal, rPois rC+ Will+ Int-2}
   (You took it off a spriggan on level 6 of the Lair of Beasts)

   It inflicts extra damage upon your enemies.
   Int:       It affects your intelligence (-2).
   rC:        It protects you from cold.
   rPois:     It protects you from poison.
   Will:      It increases your willpower.
 Q - a +3 antimagic lajatang
Missiles
 h - 6 throwing nets (quivered)
Armour
 e - the +0 pair of boots of Fortification (worn) {rElec rPois Str-4 Slay+3}
   (You found it on level 5 of the Vaults)

   Str:       It affects your strength (-4).
   Slay:      It affects your accuracy & damage with ranged weapons and melee
   (+3).
   rElec:     It insulates you from electricity.
   rPois:     It protects you from poison.
 m - the +5 pair of gloves "Zuall" (worn) {Regen+ rCorr}
   (You found it on level 3 of the Realm of Zot)

   Regen:     It increases your rate of health regeneration.
   rCorr:     It protects you from acid and corrosion.
 p - a +6 scale mail of fire resistance (worn)
 y - the +1 cloak of the Mind (worn) {Harm rC+ SInv}
   (You found it on level 11 of the Dungeon)

   rC:        It protects you from cold.
   SInv:      It lets you see invisible.
   Harm:      It increases damage dealt and taken.
 F - the -2 hat of the Alchemist (worn) {rElec rPois rF+ rC+ rN+ Will+ rMut rCorr}
   (You acquired it on level 4 of the Lair of Beasts)

   rF:        It protects you from fire.
   rC:        It protects you from cold.
   rElec:     It insulates you from electricity.
   rPois:     It protects you from poison.
   rN:        It protects you from negative energy.
   rCorr:     It protects you from acid and corrosion.
   rMut:      It protects you from mutation.
   Will:      It increases your willpower.
 P - an orb of light
 S - a +1 buckler of protection (worn)
Jewellery
 g - a +4 ring of protection (right hand)
 k - the ring of Shadows {Umbra +Inv Stlth+}
   (You found it on level 3 of the Realm of Zot)

   [ring of stealth]

   It surrounds you with an aura of shadow, increasing your stealth and reducing
   the accuracy of all others within it.
   +Inv:      It lets you turn invisible.
   Stlth:     It makes you more stealthy.
 r - a +6 ring of dexterity
 v - the amulet "Fixtuo" {Reflect rF- rC++ rCorr SH+5 Stlth+}
   (You found it on level 2 of the Lair of Beasts)

   [amulet of reflection]

   It reflects blocked missile attacks.
   rF:        It makes you vulnerable to fire.
   rC:        It greatly protects you from cold.
   rCorr:     It protects you from acid and corrosion.
   SH:        It affects your SH (+5).
   Stlth:     It makes you more stealthy.
 A - a ring of ice
 B - a +4 ring of evasion
 H - an amulet of regeneration
 X - the ring of Cheibriados's Wrath (left hand) {rPois rC+ Dex+2 Stlth+}
   (You took it off a deep elf death mage on level 3 of the Elven Halls)

   [ring of protection from cold]

   Dex:       It affects your dexterity (+2).
   rC:        It protects you from cold.
   rPois:     It protects you from poison.
   Stlth:     It makes you more stealthy.
 Z - the amulet of Vesayro (around neck) {Faith Rampage Fly Int+4 Slay+2}
   (You found it on level 3 of the Elven Halls)

   [amulet of faith]

   It allows you to gain divine favour quickly.
   Int:       It affects your intelligence (+4).
   Slay:      It affects your accuracy & damage with ranged weapons and melee
   (+2).
   Fly:       It grants you flight.
   Rampage:   It bestows one free step when moving towards enemies.
Wands
 j - a wand of paralysis (22)
 n - a wand of mindburst (9)
 t - a wand of digging (20)
 D - a wand of iceblast (31)
 G - a wand of flame (56)
 J - a wand of polymorph (16)
 V - a wand of acid (23)
Scrolls
 d - a scroll of fear
 l - 5 scrolls of magic mapping
 q - 3 scrolls of fog
 x - 2 scrolls of blinking
 z - a scroll of silence
 E - 12 scrolls of teleportation
 I - 2 scrolls of brand weapon
 R - 5 scrolls of amnesia
Potions
 a - 2 potions of resistance
 c - 14 potions of curing
 f - 4 potions of heal wounds
 o - 4 potions of ambrosia
 u - 7 potions of might
 w - 5 potions of magic
 C - 2 potions of haste
 K - 3 potions of lignification
 M - 2 potions of invisibility
 N - 6 potions of brilliance
 O - a potion of berserk rage
 W - 4 potions of cancellation
Miscellaneous
 b - a phantom mirror
 i - a phial of floods
 T - a tin of tremorstones (2/2)
 Y - a lightning rod (4/4)


   Skills:
 * Level 23.2 Fighting
 + Level 20.9(22.7) Axes
 - Level 15.4(20.1) Maces & Flails
 + Level 1.8(10.2) Staves
 + Level 12.1 Armour
 * Level 22.3 Dodging
 + Level 10.3 Stealth
 + Level 9.3 Shields
 * Level 19.7 Invocations


You had 26 spell levels left.
You didn't know any spells.
Your spell library contained the following spells:

 Spells                   Type           Power      Damage    Failure   Level
 Animate Skeleton         Necr           0%         N/A       88%         1
 Apportation              Tloc           0%         N/A       88%         1
 Beastly Appendage        Tmut           0%         N/A       88%         1
 Foxfire                  Conj/Fire      0%         2x1d4     88%         1
 Magic Dart               Conj           0%         1d3       88%         1
 Pain                     Necr           0%         1d4       88%         1
 Sandblast                Erth           0%         2d4       88%         1
 Shock                    Conj/Air       0%         1d3       88%         1
 Slow                     Hex            0%         N/A       88%         1
 Sting                    Tmut/Pois      0%         1d3       88%         1
 Summon Small Mammal      Summ           0%         N/A       88%         1
 Blink                    Tloc           0%         N/A       95%         2
 Corpse Rot               Necr/Air       0%         N/A       95%         2
 Ensorcelled Hibernation  Hex/Ice        0%         N/A       95%         2
 Passwall                 Tmut/Erth      0%         N/A       95%         2
 Poisonous Vapours        Pois/Air       0%         N/A       95%         2
 Scorch                   Fire           0%         2d5       95%         2
 Searing Ray              Conj           0%         2d4       95%         2
 Sublimation of Blood     Necr           0%         N/A       95%         2
 Wereblood                Tmut           0%         N/A       95%         2
 Call Canine Familiar     Summ           0%         N/A       99%         3
 Confusing Touch          Hex            0%         N/A       99%         3
 Dazzling Flash           Conj/Hex       0%         N/A       99%         3
 Frozen Ramparts          Ice            0%         1d2       99%         3
 Gell's Gravitas          Tloc           0%         N/A       99%         3
 Ignite Poison            Fire/Tmut/Pois 0%         N/A       99%         3
 Lesser Beckoning         Tloc           0%         N/A       99%         3
 Spider Form              Tmut/Pois      0%         N/A       99%         3
 Stone Arrow              Conj/Erth      0%         3d7       99%         3
 Summon Guardian Golem    Hex/Summ       0%         N/A       99%         3
 Swiftness                Air            0%         N/A       99%         3
 Teleport Other           Tloc           0%         N/A       99%         3
 Vampiric Draining        Necr           0%         2d6       99%         3
 Airstrike                Air            0%         N/A       100%        4
 Animate Dead             Necr           0%         N/A       100%        4
 Cause Fear               Hex            0%         N/A       100%        4
 Dispel Undead            Necr           0%         3d6       100%        4
 Flame Wave               Conj/Fire      0%         2d4       100%        4
 Fulminant Prism          Conj/Hex       0%         3d6       100%        4
 Hailstorm                Conj/Ice       0%         3d3       100%        4
 Ice Form                 Ice/Tmut       0%         N/A       100%        4
 Leda's Liquefaction      Hex/Erth       0%         N/A       100%        4
 Olgreb's Toxic Radiance  Pois           0%         N/A       100%        4
 Petrify                  Tmut/Erth      0%         N/A       100%        4
 Summon Ice Beast         Ice/Summ       0%         N/A       100%        4
 Summon Lightning Spire   Summ/Air       0%         N/A       100%        4
 Agony                    Necr           0%         N/A       100%        5
 Blade Hands              Tmut           0%         N/A       100%        5
 Excruciating Wounds      Necr           0%         N/A       100%        5
 Fireball                 Conj/Fire      0%         3d3       100%        5
 Irradiate                Conj/Tmut      0%         3d14      100%        5
 Iskenderun's Battlesphe  Conj           0%         2d6       100%        5
 Lee's Rapid Deconstruct  Erth           0%         3d5*      100%        5
 Lightning Bolt           Conj/Air       0%         1d11      100%        5
 Manifold Assault         Tloc           0%         N/A       100%        5
 Metabolic Englaciation   Hex/Ice        0%         N/A       100%        5
 Silence                  Hex/Air        0%         N/A       100%        5
 Summon Forest            Summ/Tloc      0%         N/A       100%        5
 Summon Mana Viper        Hex/Summ       0%         N/A       100%        5
 Death Channel            Necr           0%         N/A       100%        6
 Dispersal                Tloc           0%         N/A       100%        6
 Iron Shot                Conj/Erth      0%         9d1       100%        6
 Simulacrum               Ice/Necr       0%         N/A       100%        6
 Starburst                Conj/Fire      0%         6d3       100%        6
 Statue Form              Tmut/Erth      0%         N/A       100%        6
 Summon Cactus Giant      Summ           0%         N/A       100%        6
 Dragon Form              Tmut           0%         N/A       100%        7
 Malign Gateway           Summ/Tloc      0%         N/A       100%        7
 Spellforged Servitor     Conj/Summ      0%         N/A       100%        7
 Summon Hydra             Summ           0%         N/A       100%        7
 Disjunction              Tloc           0%         N/A       100%        8
 Ignition                 Fire           0%         3d3       100%        8
 Chain Lightning          Conj/Air       0%         N/A       100%        9
 Death's Door             Necr           0%         N/A       100%        9
 Dragon's Call            Summ           0%         N/A       100%        9
 Fire Storm               Conj/Fire      0%         5d1       100%        9
 Shatter                  Erth           0%         3d5*      100%        9


Dungeon Overview and Level Annotations

Branches:
Dungeon (15/15)            Temple (1/1) D:5            Lair (6/6) D:8
 Shoals (4/4) Lair:2       Spider (4/4) Lair:3        Slime (0/5) Lair:5
    Orc (2/2) D:11            Elf (3/3) Orc:2        Vaults (5/5) D:13
  Crypt (0/3) Vaults:2     Depths (4/4) D:15            Zot (5/5) Depths:4

Altars:
Ashenzari
Cheibriados
Dithmenos
Elyvilon
Fedhas
Gozag
Hepliaklqana
Kikubaaqudgha
Makhleb
Nemelex Xobeh
Okawaru
Qazlal
Ru
Sif Muna
Trog
Uskayaw
Vehumet
Wu Jian
Xom
Yredelemnul
Zin
The Shining One
Jiyva
Lugonu

Shops:
D:7 *   D:11 *   D:12 !(   D:15 [   Orc:2 ![?!   Elf:1 =?   Elf:3 (
Shoals:2 (   Vaults:3 (   Depths:4 :[(

Portals:
Hell: Depths:1 Depths:2 Depths:3 Depths:4
Abyss: Lair:6 Zot:1 Depths:1 Depths:3
Trove: D:10 (lose all piety)

Annotations:
Spider:1 2 transporters, exclusion: orange crystal statue, Arachne; Honosyedgha's ghost, adept GrBe
Depths:2 2 transporters, 3 runed translucent doors
Zot:1 2 transporters, Sofait's ghost, legendary GnFE
Zot:4 2 transporters


Innate Abilities, Weirdness & Mutations

Your body sometimes deteriorates upon taking damage.
You are strong-willed. (Will+)
You sometimes lose the ability to read scrolls when taking damage.


Message History

The ancient lich flickers and vanishes for a moment.
The dread lich mumbles some strange words.
The Orb Guardian hits something.
You are healed.
You block the green draconian's attack. The hellion gestures at you.
The sphere of damnation explodes!
The damnation engulfs you!!
The green draconian is engulfed in blazing flames.
The green draconian breathes poison at you.
The blast of poison engulfs you but does no damage.
You resist.
The ancient lich casts a spell.
The ancient lich seems to speed up.
The ancient lich points at you and mumbles some strange words.
The bolt of acid misses you.
Press: ? - help, Dir - move target, f/p - ancient lich Heal: an ancient lich (fast, slightly transparent, chance to pacify: 32%)
The light of Elyvilon fails to reach the ancient lich.
Okay, then.
Press: ? - help, Dir - move target, f/p - ancient lich Heal: an ancient lich (fast, slightly transparent, chance to pacify: 32%)
The light of Elyvilon fails to reach the ancient lich.
The purple draconian breathes dispelling energy at you.
The bolt of dispelling energy hits you!!
* * * LOW HITPOINT WARNING * * *
Your body deteriorates!
You feel weakened.
Press: ? - help, Dir - move target, f/p - ancient lich Heal: an ancient lich (fast, slightly transparent, chance to pacify: 32%)
The light of Elyvilon fails to reach the ancient lich.
The ancient lich touches you!
* * * LOW HITPOINT WARNING * * *
You partially resist.
You feel drained.
* * * LOW HITPOINT WARNING * * *
The green draconian breathes poison at you.
The blast of poison engulfs the ancient lich.
The ancient lich completely resists.
The ancient lich closely misses you.
You are healed.
The ancient lich gestures at you while chanting.
The crystal spear hits you!!!
You die...

#...............
.......##
##.............#
........##
#.............#
.........#
##...........##
.........# #...........#
.........# ##...........#
.........# #..^..........
.........#
##§☼L☼.........
..^...q..###☼°○L@........
...2..q.###..d##########
.......##.d..##
......d....###
▓▓▓▓▓▓▓▓▓▓▓#


You could see an ancient lich (fast, invisible), a dread lich (fast, invisible),
a green draconian and a purple draconian (catching breath).

Vanquished Creatures
  A dread lich (Vaults:4)
  2 orbs of fire
  An ancient lich (Vaults:5)
  Mara (Shoals:4)
  Nikola (Spider:3)
  10 golden dragons
  A bone dragon (Zot:1)
  Jorgrun (D:12)
  An electric golem (Zot:3)
  8 tentacled monstrosities
  4 liches
  4 Orb Guardians (Zot:5)
  4 quicksilver dragons
  A walking frostbound tome (Depths:4)
  A deep elf blademaster (Elf:3)
  3 titans
  Rupert (D:13)
  Polyphemus (Shoals:2)
  6 sphinxes
  4 deep elf master archers (Elf:3)
  4 death cobs
  6 tengu reavers
  Agnes (D:14)
  Frances (D:14)
  Kirke (Shoals:2)
  19 storm dragons
  Roxanne (D:15)
  4 draconian monks
  6 fire giants
  7 shadow dragons
  Donald (Spider:1)
  4 draconian knights
  7 deep elf sorcerers (Elf:3)
  An iron dragon (Vaults:5)
  4 emperor scorpions
  5 frost giants
  2 orc warlords
  17 vault wardens
  Aizul (Spider:1)
  7 ghost moths
  5 draconian scorchers
  3 draconian shifters
  3 spriggan defenders
  4 draconian stormcallers
  22 ironbound preservers
  3 war gargoyles
  20 very ugly things
  A broodmother (Spider:4)
  2 draconian annihilators
  12 stone giants
  7 ironbound thunderhulks
  11 deep elf demonologists
  2 vampire knights
  8 white draconians
  6 entropy weavers
  8 black draconians
  12 purple draconians
  6 red draconians
  2 spark wasps
  Azrael (D:12)
  13 dire elephants
  10 green draconians
  7 deep elf annihilators
  4 yellow draconians
  4 merfolk javelineers
  11 ettins
  6 deep elf death magi
  6 fire dragons
  12 merfolk impalers
  14 yaktaur captains
  7 deep elf high priests
  7 great orbs of eyes
  5 hydras
  4 ice dragons
  35 vault guards
  A rakshasa (D:15)
  2 ogre magi
  3 radroaches
  10 ironbound frosthearts
  6 spriggan air magi
  6 boulder beetles
  An alligator snapping turtle (Shoals:4)
  4 merfolk avatars
  2 catoblepae
  An alligator (shapeshifter) (Vaults:4)
  An anaconda (shapeshifter) (D:14)
  2 satyrs
  8 merfolk aquamancers
  6 two-headed ogres
  19 centaur warriors
  10 death yaks
  32 dancing weapons
  2 thrashing horrors (Lair:6)
  6 deep troll shamans
  5 deep troll earth magi
  3 orc high priests
  3 tengu warriors
  A spriggan berserker (D:15)
  15 deep elf knights
  3 hell knights
  Nergalle (D:10)
  2 iron trolls
  13 skeletal warriors
  8 pharaoh ants
  67 deep trolls
  A deep troll (shapeshifter) (Vaults:5)
  6 sea snakes
  A flayed ghost (Depths:1)
  The ghost of Tinylith the Carver, a novice DsBe of Trog (D:8)
  A sun moth (Spider:3)
  7 orb spiders
  9 deep elf archers
  2 glowing orange brains
  10 wizards
  3 steelbarb worms
  A swamp dragon (D:15)
  22 deep elf zephyrmancers
  8 lindwurms
  A mana viper (shapeshifter) (Lair:6)
  16 ironbound convokers
  20 harpies
  A phantasmal warrior (Vaults:3)
  60 ugly things
  4 orc sorcerers
  22 wolf spiders
  4 necromancers
  42 deep elf pyromancers
  7 orc knights
  A tengu skeleton (Vaults:2)
  7 cyclopes
  6 fauns
  9 merfolk sirens
  3 large abominations (Lair:6)
  3 stone giant skeletons (Vaults:2)
  11 manticores
  9 water nymphs
  A titan simulacrum (Vaults:4)
  27 elephants
  14 moths of wrath
  A water nymph (shapeshifter) (Elf:1)
  4 black mambas
  10 cane toads
  6 human skeletons (Vaults:2)
  3 smoke demons (Lair:6)
  6 torpor snails
  15 vault sentinels
  A kobold demonologist (D:10)
  4 centaur skeletons (D:15)
  3 rime drakes
  4 demonic crawlers
  2 efreet
  9 komodo dragons
  A komodo dragon (shapeshifter) (Vaults:5)
  29 yaktaurs
  A yaktaur (shapeshifter) (Elf:1)
  2 ancient zymes (Lair:6)
  A freezing wraith (D:15)
  2 tengu conjurers
  9 trolls
  19 meliai
  11 wind drakes
  5 polar bears
  44 merfolk
  34 tarantellas
  30 blink frogs
  13 dream sheep
  3 hornets
  34 slime creatures
  An ettin zombie (Vaults:4)
  2 ettin skeletons (Vaults:2)
  8 snapping turtles
  Sigmund (D:2)
  4 shadows
  38 water elementals
  7 air elementals
  3 fire bats (Lair:1)
  72 yaks
  A ynoxinul (Lair:6)
  4 spriggans
  35 jumping spiders
  2 wraiths
  21 culicivoras
  3 hogs (Shoals:2)
  A vampire (D:13)
  2 basilisks
  16 humans (D:13)
  4 wyverns
  A basilisk (shapeshifter) (Depths:3)
  5 fire elementals
  54 redbacks
  A redback (shapeshifter) (Vaults:4)
  A steam dragon (D:10)
  7 vampire mosquitoes
  A chaos spawn (Lair:6)
  7 wargs
  16 water moccasins
  5 hell hounds
  5 acid dragons
  A floating eye (shapeshifter) (Vaults:5)
  A floating eye (Depths:3)
  2 ice beasts (D:6)
  59 orc warriors
  9 ogres
  3 black bears
  8 boggarts (Vaults:2)
  A necrophage (D:7)
  11 wolves
  15 centaurs
  A phantom (D:6)
  7 kobold brigands
  14 bullfrogs
  5 earth elementals
  8 small abominations (Lair:6)
  3 gnoll sergeants
  A scorpion (D:4)
  A wyvern zombie (D:8)
  A water moccasin zombie (D:7)
  A water moccasin skeleton (D:4)
  5 killer bees (D:10)
  5 wights
  6 electric eels
  5 howler monkeys
  A lava snake (D:13)
  5 centaur zombies
  A human simulacrum (Vaults:4)
  4 hounds
  A jelly (D:6)
  15 orc priests
  A bullfrog skeleton (D:5)
  27 orc wizards
  3 iguanas
  5 hell rats (Lair:3)
  A killer bee zombie (D:4)
  A hound zombie (D:5)
  Robin (D:3)
  A howler monkey zombie (D:10)
  4 adders
  20 gnolls
  A white imp (D:7)
  2 ufetubi
  A worm (D:2)
  4 dart slugs
  68 orcs
  4 bats
  2 endoplasms
  A giant cockroach (D:2)
  13 goblins
  8 hobgoblins
  5 jackals
  40 kobolds
  2 quokkas (D:2)
  8 ball pythons
  8 frilled lizards
  A jackal skeleton (D:4)
  5 rats
2092 creatures vanquished.

Vanquished Creatures (collateral kills)
  A deep elf blademaster (Elf:3)
  A fire elemental (D:12)
  A hell hound (D:12)
3 creatures vanquished.

Vanquished Creatures (others)
  A juggernaut (Depths:4)
  2 Orb Guardians (Zot:5)
  A death cob (Zot:4)
  A storm dragon (Zot:3)
  A fire giant (Depths:3)
  2 draconian knights (Zot:1)
  A draconian scorcher (Zot:3)
  A red draconian (Zot:4)
  A fire dragon (Depths:3)
  The ghost of Reubyar the Impaler, a journeyman MiBe of Trog (Lair:2)
  A deep troll shaman (Depths:4)
  2 death yaks
  A deep elf knight (Elf:3)
  A deep troll (Depths:4)
  A deep elf archer (Elf:1)
  A deep elf pyromancer (Elf:3)
  6 deep elf zephyrmancers
  2 moths of wrath (Lair:2)
  A komodo dragon (Lair:2)
  A polar bear (Lair:5)
  A blink frog (Lair:2)
  A jumping spider (Spider:2)
  2 wyverns
  A fire elemental (D:12)
  2 yaks
  A hell hound (D:12)
  A black bear (Lair:2)
  An orc warrior (D:11)
  A bullfrog (Lair:2)
  An orc wizard (Orc:2)
  An orc (Orc:2)
  9 bushes (Lair:6)
  44 fungi
  177 plants
272 creatures vanquished.

Grand Total: 2367 creatures vanquished

Notes
Turn   | Place    | Note
-------+----------+-------------------------------------------
     0 | D:1      | Gabide the Human Monk began the quest for the Orb.
     0 | D:1      | Reached XP level 1. HP: 18/18 MP: 1/1
   141 | D:1      | Found a faded altar of an unknown god.
   183 | D:1      | Reached XP level 2. HP: 10/24 MP: 2/2
   958 | D:1      | Reached XP level 3. HP: 29/29 MP: 3/3
  2100 | D:2      | Reached XP level 4. HP: 28/35 MP: 4/4
  2291 | D:2      | Noticed Sigmund
  3397 | D:3      | Noticed Robin
  3405 | D:3      | Killed Robin
  3683 | D:3      | Reached XP level 5. HP: 31/41 MP: 5/5
  3844 | D:4      | Reached skill level 1 in Armour
  4473 | D:4      | Reached XP level 6. HP: 22/47 MP: 6/6
  4728 | D:4      | Identified the +7 spear of Stickiness {flame, rN++ Int+5
                  | Dex-3}
  5012 | D:4      | Noticed an ogre
  5522 | D:2      | Gained mutation: You are strong-willed. (Will+) [potion of
                  | mutation]
  5526 | D:2      | Killed Sigmund
  5527 | D:2      | Reached skill level 5 in Maces & Flails
  5527 | D:2      | Reached XP level 7. HP: 16/53 MP: 7/7
  6348 | D:5      | Entered Level 5 of the Dungeon
  6384 | D:5      | Reached skill level 5 in Dodging
  6491 | D:4      | Reached skill level 4 in Fighting
  6491 | D:4      | Reached XP level 8. HP: 4/60 MP: 8/8
  6928 | D:5      | Found a staircase to the Ecumenical Temple.
  6936 | Temple   | Entered the Ecumenical Temple
  7205 | Temple   | Became a worshipper of Elyvilon the Healer
  7205 | Temple   | Reached * piety under Elyvilon
  7205 | Temple   | Reached ** piety under Elyvilon
  7227 | Temple   | Upgraded the game from 0.28-b1 to 0.28-b1-1-g3c77fb2ed1
  8484 | D:6      | Reached *** piety under Elyvilon
  8605 | D:6      | Reached XP level 9. HP: 65/66 MP: 9/9
  9041 | D:6      | Reached skill level 5 in Fighting
  9122 | D:6      | Found a blossoming altar of Fedhas.
  9125 | D:6      | Found a burning altar of Makhleb.
  9128 | D:6      | Found a sparkling altar of Nemelex Xobeh.
  9191 | D:6      | Elyvilon protects you from harm!
  9197 | D:6      | HP: 3/68 [orc priest/divine providence (10)]
  9203 | D:6      | HP: 1/68 [orc warrior (11)]
 10263 | D:7      | Reached skill level 1 in Invocations
 10641 | D:7      | Found Xixekhlog's Assorted Antiques.
 10674 | D:7      | Bought a scroll labelled HIORAE HULUGEPS for 26 gold pieces
 10674 | D:7      | Bought a scroll of identify for 52 gold pieces
 10771 | D:7      | Found a shadowy altar of Dithmenos.
 10813 | D:7      | Reached **** piety under Elyvilon
 11420 | D:8      | Found a runed translucent door.
 11420 | D:8      | Noticed Tinylith's ghost (novice DsBe)
 11423 | D:8      | Noticed a troll
 11762 | D:8      | Reached XP level 10. HP: 70/74 MP: 11/11
 11869 | D:8      | Noticed a two-headed ogre
 11869 | D:8      | Noticed a two-headed ogre
 12253 | D:8      | Found a staircase to the Lair.
 12267 | D:8      | Noticed a skeletal warrior
 14497 | D:8      | Reached skill level 6 in Fighting
 14636 | D:7      | Killed a two-headed ogre
 14705 | D:8      | Identified the +0 chain mail "Noesaal" {Harm rPois Int+4}
 14796 | D:8      | Identified a scroll of acquirement
 14797 | D:8      | Acquired a manual of Dodging
 15153 | D:8      | Paralysed by a hornet for 2 turns
 15203 | Lair:1   | Entered Level 1 of the Lair of Beasts
 15233 | Lair:1   | Noticed a cane toad
 15254 | D:8      | Pacified a cane toad
 15255 | D:8      | Reached XP level 11. HP: 19/81 MP: 9/14
 15568 | Lair:1   | Reached skill level 10 in Maces & Flails
 15568 | Lair:1   | Reached skill level 5 in Stealth
 15699 | Lair:1   | Noticed a seven-headed hydra
 15722 | D:8      | Reached skill level 5 in Invocations
 15734 | Lair:1   | Pacified a seven-headed hydra
 16072 | Lair:1   | Found a transporter.
 16129 | Lair:1   | Reached skill level 10 in Dodging
 16408 | Lair:1   | Found a transporter.
 16410 | Lair:1   | Noticed a fire crab
 16538 | D:8      | Pacified a two-headed ogre
 16802 | D:8      | Reached skill level 7 in Fighting
 16802 | D:8      | Reached skill level 5 in Armour
 17638 | Lair:2   | Found a staircase to the Shoals.
 17643 | Lair:2   | Noticed a boulder beetle
 17657 | Lair:2   | Pacified a boulder beetle
 17897 | Lair:2   | Reached XP level 12. HP: 68/91 MP: 17/17
 18501 | Lair:2   | Noticed a death yak
 18503 | Lair:2   | Pacified a death yak
 18652 | Lair:2   | Killed a death yak
 19098 | Lair:2   | Found a transporter.
 19112 | Lair:2   | Noticed a four-headed hydra
 19112 | Lair:2   | Noticed Reubyar's ghost (journeyman MiBe)
 19137 | Lair:2   | Found a transporter.
 19228 | Lair:2   | Noticed a catoblepas
 19228 | Lair:2   | Noticed an eight-headed hydra
 19232 | Lair:2   | Pacified an eight-headed hydra
 19234 | Lair:2   | Pacified a catoblepas
 19437 | Lair:2   | Noticed an eight-headed hydra
 19440 | Lair:2   | Pacified an eight-headed hydra
 20670 | Lair:3   | Noticed a catoblepas
 20695 | Lair:3   | Pacified a catoblepas
 20696 | Lair:3   | Reached skill level 8 in Fighting
 21165 | Lair:3   | Reached XP level 13. HP: 68/97 MP: 19/19
 22003 | D:8      | Killed Tinylith's ghost
 22188 | D:8      | Got Sif Muna's Grimoire of Execration and Displacement
 22592 | D:9      | Found Zin's Purification Station.
 22598 | D:9      | Found a glowing silver altar of Zin.
 22601 | D:9      | Bought a potion of curing for 90 gold pieces
 23568 | D:10     | Entered Level 10 of the Dungeon
 23703 | D:10     | Found a portal to a secret trove of treasure.
 24196 | D:10     | Noticed Nergalle
 24244 | D:10     | Killed Nergalle
 24492 | D:10     | Found a broken altar of Ashenzari.
 24507 | D:10     | Found an opulent altar of Gozag.
 24507 | D:10     | Found a hazy altar of Hepliaklqana.
 24680 | D:10     | Noticed a six-headed hydra
 24682 | D:10     | Pacified a six-headed hydra
 25186 | D:11     | Found a staircase to the Orcish Mines.
 25482 | D:11     | Found Hoocyr's Overcharged Wands.
 25778 | D:11     | Noticed a four-headed hydra
 26136 | D:11     | Found an iron altar of Okawaru.
 26354 | D:11     | Identified the +4 mace of Tasewaff {elec, rF- Str+6 Int+2
                  | Dex+4}
 26354 | D:11     | Noticed a centaur warrior
 26389 | D:11     | Killed a centaur warrior
 26390 | D:11     | Reached skill level 9 in Fighting
 26390 | D:11     | Reached skill level 15 in Dodging
 26998 | D:11     | Reached XP level 14. HP: 99/108 MP: 21/21
 27057 | D:11     | Identified the +1 cloak of the Mind {Harm rC+ SInv}
 27718 | D:12     | Reached ***** piety under Elyvilon
 27718 | D:12     | Noticed Azrael
 28049 | Orc:1    | Entered Level 1 of the Orcish Mines
 28060 | Orc:1    | Reached skill level 10 in Invocations
 29512 | Orc:2    | Entered Level 2 of the Orcish Mines
 30387 | Orc:2    | Found a shimmering altar of Xom.
 31245 | Orc:2    | Found a staircase to the Elven Halls.
 31941 | Orc:2    | Found Garun's Magic Scroll Emporium.
 31941 | Orc:2    | Found Ykhejau's Armour Boutique.
 31943 | Orc:2    | Found Huastr Na Uvi's Distillery.
 31945 | Orc:2    | Found Lipp's Distillery.
 31973 | Orc:2    | Bought a scroll of enchant armour for 135 gold pieces
 31973 | Orc:2    | Bought a scroll of identify for 36 gold pieces
 31973 | Orc:2    | Bought a scroll of enchant armour for 135 gold pieces
 31976 | Orc:2    | Bought a potion of haste for 160 gold pieces
 32440 | Lair:2   | Identified the amulet "Fixtuo" {Reflect rF- rC++ rCorr SH+5
                  | Stlth+}
 32455 | Lair:2   | Reached skill level 10 in Fighting
 32461 | Lair:2   | Killed Reubyar's ghost
 33818 | Lair:4   | Reached XP level 15. HP: 101/116 MP: 23/23
 34181 | Lair:4   | Identified the ring of the Verdant Guava {rPois Dex+6}
 34252 | Lair:4   | Acquired the -2 hat of the Alchemist {rElec rPois rF+ rC+
                  | rN+ Will+ rMut rCorr}
 34252 | Lair:4   | Found the -2 hat of the Alchemist {rElec rPois rF+ rC+ rN+
                  | Will+ rMut rCorr}
 35048 | Lair:5   | Found a viscous altar of Jiyva.
 35048 | Lair:5   | Found a staircase to the Slime Pits.
 35811 | Lair:5   | Reached skill level 15 in Maces & Flails
 36377 | Lair:5   | Reached skill level 11 in Fighting
 37092 | Lair:6   | Entered Level 6 of the Lair of Beasts
 37247 | Lair:6   | Reached skill level 1 in Shields
 38288 | Lair:6   | Identified the +12 broad axe of Wrath {vorpal, rPois rC+
                  | Will+ Int-2}
 38418 | Lair:6   | Identified the +4 quarterstaff of Kismet {elec, Dex+5}
 38428 | Lair:6   | Reached skill level 1 in Axes
 38439 | Lair:6   | Reached XP level 16. HP: 104/126 MP: 24/24
 38935 | Lair:6   | Found a corrupted altar of Lugonu.
 38935 | Lair:6   | Found a one-way gate to the infinite horrors of the Abyss.
 39262 | Lair:6   | Reached skill level 5 in Axes
 39845 | Lair:3   | Found a hole to the Spider Nest.
 40639 | D:12     | Killed Azrael
 40640 | D:12     | Reached skill level 12 in Fighting
 41156 | D:12     | Found Dosojoxaba's Antique Weapon Shop.
 41303 | D:12     | Noticed Jorgrun
 41314 | D:12     | Killed Jorgrun
 41492 | D:12     | Found Caonioru's Distillery.
 41510 | D:12     | Bought a potion of might for 56 gold pieces
 41510 | D:12     | Bought a potion of haste for 140 gold pieces
 41510 | D:12     | Bought a potion of experience for 700 gold pieces
 41510 | D:12     | Bought a potion of might for 56 gold pieces
 41510 | D:12     | Bought a potion of haste for 140 gold pieces
 41510 | D:12     | Bought a potion of heal wounds for 70 gold pieces
 41510 | D:12     | Reached XP level 17. HP: 135/135 MP: 26/26
 42581 | D:13     | Found a gate to the Vaults.
 42581 | D:13     | Noticed Rupert
 42603 | D:13     | Killed Rupert
 43430 | D:14     | Reached XP level 18. HP: 127/142 MP: 27/27
 43884 | D:14     | Noticed Agnes
 43893 | D:14     | Killed Agnes
 44466 | D:14     | Noticed Frances
 44479 | D:14     | Killed Frances
 44841 | D:14     | Reached skill level 13 in Fighting
 44963 | D:14     | Reached skill level 10 in Axes
 45260 | D:15     | Entered Level 15 of the Dungeon
 45296 | D:15     | Identified Roxanne's Grimoire of Transformation
 45296 | D:15     | Noticed Roxanne
 45337 | D:15     | Killed Roxanne
 45544 | D:15     | Reached skill level 1 in Staves
 45566 | D:15     | HP: 3/143 [skeletal warrior (31)]
 46429 | D:15     | Found Riwath's Superior Scales.
 46662 | D:15     | Found a staircase to the Depths.
 47017 | Orc:2    | Bought a scroll of blinking for 135 gold pieces
 47019 | Orc:2    | Bought a potion of curing for 48 gold pieces
 47040 | Elf:1    | Entered Level 1 of the Elven Halls
 47258 | Elf:1    | Got Durgheryg's Reference Book on Attacks
 47666 | Elf:1    | Reached XP level 19. HP: 139/151 MP: 29/29
 48106 | Elf:1    | Found Gaja's Jewellery Shoppe.
 48792 | Elf:1    | Found Hiuc's Magic Scroll Emporium.
 48795 | Elf:1    | Bought a scroll of enchant armour for 120 gold pieces
 48795 | Elf:1    | Bought a scroll of blinking for 120 gold pieces
 49154 | Elf:2    | Reached skill level 14 in Fighting
 50147 | Elf:2    | Found a runed translucent gate.
 50148 | Elf:2    | Found a runed translucent gate.
 50148 | Elf:2    | Found a runed translucent gate.
 51399 | Elf:3    | Entered Level 3 of the Elven Halls
 51427 | Elf:3    | Reached XP level 20. HP: 160/160 MP: 30/30
 51447 | Elf:3    | Found Pirext's Antique Weapon Emporium.
 51867 | Elf:3    | Found a shimmering blue altar of Sif Muna.
 51874 | Elf:3    | Identified the +0 buckler "Geolyni" {Rampage MP-9 Dex+4
                  | Stlth+}
 51990 | Elf:3    | Noticed a Tzitzimitl
 51994 | Elf:3    | HP: 9/208 [???[a deep elf demonologist] (7)]
 52888 | Elf:3    | Reached skill level 15 in Axes
 53343 | Elf:3    | Identified the ring "Runn" {Ice rElec rPois Dex-5}
 53343 | Elf:3    | Identified the +12 halberd of Moral Flaws {elec, rElec
                  | rPois Dex-5}
 53343 | Elf:3    | Identified the ring of Cheibriados's Wrath {rPois rC+ Dex+2
                  | Stlth+}
 53362 | Elf:3    | Noticed a Brimstone Fiend
 53485 | Elf:3    | Identified the amulet of Vesayro {Faith Rampage Fly Int+4
                  | Slay+2}
 53488 | Elf:3    | Identified the +1 pair of boots of Paranoia {Harm Regen+
                  | Str-5 Dex+6}
 53490 | Elf:3    | Identified the +9 hand crossbow "Zoucheti" {vorpal, Stlth+}
 53496 | Elf:3    | Identified the +7 short sword "Uschuup" {venom, SInv
                  | Stlth+}
 53541 | Elf:3    | Identified the amulet "Tanon" {Spirit rElec Will- Stlth+}
 53557 | Elf:3    | Got Ohedao's Incunabulum of the Mountains and Cold
 53571 | Elf:3    | Identified the ring "Tecze" {rC- Will+ rCorr Dex+9 SInv}
 53989 | Shoals:1 | Entered Level 1 of the Shoals
 54574 | Shoals:1 | Reached skill level 15 in Fighting
 55476 | Shoals:2 | Noticed Kirke
 55487 | Shoals:2 | Killed Kirke
 55840 | Shoals:2 | Noticed Polyphemus
 55858 | Shoals:2 | Killed Polyphemus
 56330 | Shoals:2 | Identified the +4 plate armour of Indomitability {Str+4}
 56708 | Shoals:2 | Found Syudauh's Antique Weapon Emporium.
 57220 | Shoals:3 | Reached XP level 21. HP: 164/168 MP: 32/32
 57979 | Shoals:4 | Entered Level 4 of the Shoals
 57979 | Shoals:4 | Found a stormy altar of Qazlal.
 58343 | Shoals:4 | Paralysed by an air elemental for 1 turns
 58703 | Shoals:4 | Reached skill level 15 in Invocations
 58770 | Shoals:4 | Got a barnacled rune of Zot
 59096 | Shoals:4 | Noticed Mara
 59104 | Shoals:4 | Noticed Gabide's illusion
 59119 | Shoals:4 | Killed Mara
 60002 | Shoals:4 | Paralysed by an air elemental for 1 turns
 60770 | Spider:1 | Entered Level 1 of the Spider Nest
 60776 | Spider:1 | Noticed Donald
 60794 | Spider:1 | Killed Donald
 60795 | Spider:1 | Reached skill level 16 in Fighting
 61093 | Spider:1 | Noticed Aizul
 61111 | Spider:1 | Killed Aizul
 61431 | Spider:1 | Found a transporter.
 61518 | Spider:1 | Noticed Arachne
 61521 | Spider:1 | Noticed Honosyedgha's ghost (adept GrBe)
 61668 | Spider:1 | Found a transporter.
 62904 | Spider:2 | Reached XP level 22. HP: 155/177 MP: 33/33
 64840 | Spider:3 | Noticed Nikola
 64860 | Spider:3 | Killed Nikola
 65277 | Spider:4 | Entered Level 4 of the Spider Nest
 67031 | Spider:4 | Reached skill level 5 in Shields
 67188 | Spider:4 | Identified the +6 scale mail of the Zebra {Rampage rC+}
 67733 | Spider:4 | Got a gossamer rune of Zot
 67738 | Spider:4 | Identified the +4 hat of Purpose {Str+2}
 68491 | Vaults:1 | Entered Level 1 of the Vaults
 68578 | Vaults:1 | Reached ****** piety under Elyvilon
 68623 | Vaults:1 | Reached skill level 17 in Fighting
 70237 | Vaults:1 | Reached XP level 23. HP: 188/188 MP: 35/35
 70365 | Vaults:1 | Upgraded the game from 0.28-b1-1-g3c77fb2ed1 to
                  | 0.28-b1-25-g9875b3fc8c
 71399 | Vaults:2 | Reached skill level 18 in Fighting
 71550 | Vaults:2 | Found a staircase to the Crypt.
 73141 | Vaults:3 | Found Quhauch's Weapon Shop.
 74307 | Vaults:3 | Reached skill level 10 in Armour
 74953 | Vaults:3 | Reached XP level 24. HP: 200/200 MP: 35/35
 75121 | Vaults:3 | Reached skill level 19 in Fighting
 77477 | Vaults:5 | Entered Level 5 of the Vaults
 77477 | Vaults:5 | Noticed a dread lich
 77557 | Vaults:4 | Killed a dread lich
 77723 | Vaults:5 | Noticed a golden dragon
 77828 | Vaults:5 | Killed a golden dragon
 78410 | Vaults:5 | Identified the ring of Reonul {rElec MP+9}
 78421 | Vaults:5 | Reached skill level 20 in Fighting
 78439 | Vaults:4 | Reached XP level 25. HP: 84/283 MP: 48/48
 79339 | Vaults:5 | Noticed an ancient lich
 79350 | Vaults:5 | Killed an ancient lich
 79633 | Vaults:5 | Identified the ring of Equilibrium {Ice Dex+3 Stlth-}
 80319 | Vaults:5 | Got Exozow's Handbook of Dark Heat
 80693 | Vaults:5 | Identified the +9 long sword of Demonkind {protect, rCorr
                  | Dex+6}
 80906 | Vaults:5 | Identified the +0 pair of boots of Fortification {rElec
                  | rPois Str-4 Slay+3}
 81649 | Vaults:5 | Identified the +8 spear "Ypihu" {vorpal, Str+3 Int+2}
 81830 | Vaults:5 | Got a silver rune of Zot
 82487 | Depths:1 | Entered Level 1 of the Depths
 83756 | Depths:1 | Found a gateway to Hell.
 84690 | Depths:1 | Reached skill level 21 in Fighting
 85819 | Depths:2 | Found a transporter.
 85824 | Depths:2 | Found a corrupted altar of Lugonu.
 85824 | Depths:2 | Found a transporter.
 86287 | Depths:2 | Found a runed translucent gate.
 86287 | Depths:2 | Found a runed translucent gate.
 86287 | Depths:2 | Found a runed translucent gate.
 86653 | Depths:3 | Reached XP level 26. HP: 206/222 MP: 36/36
 86685 | Depths:3 | Identified the +6 dagger "Bikleo Bugu" {freeze, rElec
                  | Str+4}
 88052 | Depths:3 | Identified the +1 rapier of Extremism {vorpal, rF- Str+2
                  | Dex+4}
 88295 | Depths:4 | Entered Level 4 of the Depths
 88317 | Depths:4 | Noticed a juggernaut
 88327 | Depths:4 | Pacified a juggernaut
 88334 | Depths:4 | Killed a juggernaut
 89167 | Depths:4 | Found a gate to the Realm of Zot.
 89176 | Depths:4 | Found Uttuj's Antique Armour Emporium.
 89184 | Depths:4 | Found Biorchon's Book Shoppe.
 89308 | Depths:4 | Found Cughaav's Weapon Emporium.
 89474 | Depths:4 | Reached skill level 22 in Fighting
 90031 | Zot:1    | Entered Level 1 of the Realm of Zot
 90245 | Zot:1    | You are sucked into a shaft and drop 1 floor!
 90887 | Zot:1    | Noticed Sofait's ghost (legendary GnFE)
 90970 | Zot:1    | Found a transporter.
 90990 | Zot:1    | Noticed a Killer Klown
 90991 | Zot:1    | Noticed an ancient lich
 91002 | Zot:1    | Found a transporter.
 91063 | Zot:1    | Identified the amulet of Boffoach {RegenMP SInv}
 91238 | Zot:1    | Reached skill level 10 in Stealth
 91653 | Zot:1    | Reached XP level 27. HP: 208/233 MP: 36/36
 92810 | Zot:1    | Noticed an ancient lich
 92846 | Zot:1    | Noticed an ancient lich
 92872 | Zot:1    | Noticed an orb of fire
 92876 | Zot:1    | Gained mutation: You sometimes lose the ability to read
                  | scrolls when taking damage. [an orb of fire]
 92880 | Zot:1    | Killed an orb of fire
 93553 | Zot:2    | Identified the +10 scimitar of Benevolence {drain, rF-
                  | Will+ Int-2 Dex+10}
 94047 | Zot:3    | Found the ring of Shadows {Umbra +Inv Stlth+}
 94501 | Zot:3    | Identified the +5 pair of gloves "Zuall" {Regen+ rCorr}
 94547 | Zot:3    | HP: 12/311 [green draconian monk (22)]
 94552 | Zot:3    | HP: 15/311 [green draconian monk (16)]
 94553 | Zot:3    | Elyvilon protects you from harm!
 94558 | Zot:3    | HP: 5/312 [yellow draconian (15)]
 95723 | Zot:4    | Found a transporter.
 95953 | Zot:4    | Noticed an orb of fire
 95958 | Zot:4    | Gained mutation: Your body sometimes deteriorates upon
                  | taking damage. [an orb of fire]
 95962 | Zot:4    | Killed an orb of fire
 96197 | Zot:4    | Reached skill level 23 in Fighting
 96787 | Zot:4    | Found a transporter.
 97213 | Zot:5    | Entered Level 5 of the Realm of Zot
 97512 | Zot:5    | Noticed an ancient lich
 97515 | Zot:5    | Noticed a dread lich
 97534 | Zot:5    | Killed from afar by an ancient lich

Illustrated notes

Levels and vault maps discovered:
D:1:      sevenhm_arrival_forest_fort_large_2, layout_basic,
          shapermc_ecumenical_altar_notcrosses, corexii_corridor_pit,
          lexackson_kobold_supper
D:2:      minmay_inner_zag, layout_rooms, uniq_sigmund
D:3:      layout_basic, uniq_robin
D:4:      layout_rooms
D:5:      layout_loops_ring, minmay_temple_entry_wispy
D:6:      layout_gridville, grunt_temple_overflow_diamond, item_on_display_a
D:7:      layout_loops_cross, grunt_dithmenos_smoke_and_mirrors, serial_shops,
          nicolae_square_shop
D:8:      layout_loops_ring, erik_lair_orcish_takeover,
          ebering_ghost_inner_flame, minmay_alternating_orb
D:9:      layout_roguey, zin_purify, the_hattery
D:10:     kennysheep_blocky_room, layout_basic, minitemple, enter_trove_2,
          uniq_nergalle
D:11:     evilmike_iron_armoury, layout_small_grid, orc_0_dummy,
          nicolae_shop_overcharged_wands
D:12:     layout_layer_cave, serial_shops, nicolae_shop_hallway_stairs, shop,
          uniq_azrael, uniq_jorgrun
D:13:     layout_grid_maze, david_vaults_3, kennysheep_dice
D:14:     layout_roguey, grunt_decor_junction, kennysheep_generic_room_16,
          uniq_frances, uniq_agnes
D:15:     grunt_enter_depths_magical_seal, layout_basic, chequers_big_river,
          hellmonk_scale_shop, uniq_roxanne
Temple:   minmay_temple_curvy_branch
Lair:1:   gammafunk_cloud_chamber, layout_cave_shapes, serial_bayou_lake_a
Lair:2:   nzn_winding_woodlands_small [nzn_winding_woodlands_5x15_sawtooth,
          nzn_winding_woodlands_center_triple_pond,
          nzn_winding_woodlands_5x15_pool], layout_long_grid,
          minmay_shoals_entry_centaurs, gammafunk_ghost_berserking_beasts,
          hangedman_lair_generics_rect, serial_bayou_shore_a,
          lemuel_fruit_fields
Lair:3:   layout_loops_ring, spider_nest_entry_funnel_web,
          chequers_serial_rivers_large_b
Lair:4:   layout_regular_city, infiniplex_staircase_pool_2, grunt_megastairs_5
Lair:5:   layout_cave_pods, slime_altar_1, beast_lair_carwin_3
Lair:6:   hellmonk_lair_end_abyssal_woods, layout_cave_shapes,
          chequers_serial_rivers_micro_d, gammafunk_lair_bear_cave
Shoals:1: layout_shoals, nicolae_shoals_arrival_archipelago
Shoals:2: layout_shoals, nicolae_take_the_stairs, uniq_polyphemus, uniq_kirke
Shoals:3: layout_shoals
Shoals:4: shoals_end_hellmonk_storm_palace [storm_palace_center_circular,
          storm_palace_corner_reverse_hut, storm_palace_corner_pillars,
          storm_palace_corner_blocked, storm_palace_corner_altar], serial_shops,
          uniq_mara
Spider:1: layout_spider_delve, nzn_ghost_randoct,
          hangedman_spider_tarantella_strand, uniq_donald, uniq_aizul
Spider:2: layout_spider_delve
Spider:3: layout_chambers, uniq_nikola
Spider:4: grunt_spider_rune_parallel, hellmonk_spider_spawner
Orc:1:    layout_caves, dreamdust_deal_with_the_devil
Orc:2:    st_orc_rangers, layout_caves, basic_altar
Elf:1:    hangedman_cross_veins, layout_loops_cross, serial_shops,
          nicolae_shop_advertising_works [nicolae_subvault_shop_adworks],
          nicolae_shop_behind_doors, minmay_elf_annihilation
Elf:2:    nicolae_elf_blades_crystal_corner, layout_loops_cross, drop_trap
Elf:3:    minmay_elf_hall_circle, layout_loops_corners, serial_shops, shop,
          basic_altar
Vaults:1: nicolae_vaults_ring_of_whatevers, nicolae_vaults_little_ls,
          ontoclasm_vaults_ring_large, st_lattice, ontoclasm_vaults_chip,
          vaults_room_semicircle, nicolae_vaults_windows_and_doors_thing,
          layout_vaults_quadrants
Vaults:2: ontoclasm_vaults_gateway, v_rooms_4, v_misc_22,
          nicolae_vaults_little_squares_1, minmay_crypt_entry_skeletal_spiral,
          vaults_room_door_ring, ontoclasm_vaults_bender, v_misc_22,
          nicolae_vaults_little_squares_3, grunt_vaults_funnel,
          nicolae_vaults_diagonal_hallway_6, vaults_mumra_chevron_long,
          layout_vaults_big_room
Vaults:3: nicolae_vaults_big_angled_halls, nicolae_vaults_little_squares_6,
          v_misc_33, nicolae_vaults_big_ls, nicolae_vaults_halls_meeting,
          nicolae_vaults_border_crossing, v_misc_29, vaults_room_pool,
          ontoclasm_vaults_ring_square, vaults_dpeg_cross, v_misc_24,
          hangedman_vaults_river_flow, nicolae_vaults_little_squares_4,
          nicolae_vaults_network_quinsquares
          [nicolae_vaults_network_quincunx_subvault,
          nicolae_vaults_network_quincunx_subvault,
          nicolae_vaults_network_quincunx_subvault,
          nicolae_vaults_network_quincunx_subvault], grunt_vaults_hallway_long,
          vaults_dpeg_hooks, layout_vaults_maze, serial_shops,
          nicolae_square_shop
Vaults:4: nicolae_vaults_big_angled_halls, nicolae_vaults_display_case,
          hangedman_vaults_maws, nicolae_vaults_shelves_hall, v_rooms_4,
          nicolae_vaults_rhombus_6, v_alt_pattern_6, v_misc_2,
          hangedman_vaults_cutoff, v_misc_14, v_misc_5,
          nicolae_vaults_shelves_hall, vaults_room_door_ring, layout_vaults_ring
Vaults:5: serial_shops
Depths:1: layout_cave_pools, hell_entry, abyss_entry, kennysheep_generic_room_10
Depths:2: gammafunk_corrupted_shrine, layout_honeycomb, enter_ziggurat_f,
          rand_demon_pan_entry_8, ploomutoo_gammafunk_ghost_potion_laboratory,
          hell_entry, minmay_crystal_water, minmay_staircase_windowed_large,
          serial_bayou_shore_b
Depths:3: minmay_the_grid_net [minmay_the_grid_large_cup, minmay_the_grid_doors,
          minmay_the_grid_dragon_a, minmay_the_grid_airy, minmay_the_grid_eight,
          minmay_the_grid_prize_inner_circle], layout_basic, abyss_entry,
          hell_entry
Depths:4: evilmike_zot_entry_basic, layout_gridlike, hell_entry, serial_shops,
          shop, minmay_shoptagon
Zot:1:    layout_gridlike, gammafunk_ghost_abyssal_escape,
          st_small_dragon_hoard_3
Zot:2:    layout_cathedral_of_symmetry
Zot:3:    layout_cellular_growth
Zot:4:    gammafunk_dig_for_victory, layout_basic
Zot:5:    layout_misc_corridors, hangedman_zot_diagonal_lockstep

Skill      XL: |  1  2  3  4  5  6  7  8  9 10 11 12 13 14 15 16 17 18 19 20 21 22 23 24 25 26 27 |
---------------+----------------------------------------------------------------------------------+-----
Maces & Flails | 4 5 7 8 9 11 12 13 14 15 | 15.4
Armour         | 1 2 3 4 5 6 7 8 9 10 11 12 | 12.1
Dodging        | 4 5 6 7 8 11 13 15 16 17 18 19 20 21 22 | 22.3
Stealth        | 3 4 5 6 7 8 9 10 | 10.3
Fighting       | 4 5 6 7 8 9 10 11 12 13 14 15 16 17 18 20 21 22 23 | 23.2
Invocations    | 2 4 6 8 9 10 11 12 13 14 15 16 17 18 19 | 19.7
Shields        | 1 2 4 5 6 7 8 9 |  9.3
Axes           | 1 6 8 12 14 16 17 18 19 20 | 20.9
Staves         | 1 |  1.8

Action                   |  1- 3 |  4- 6 |  7- 9 | 10-12 | 13-15 | 16-18 | 19-21 | 22-24 | 25-27 || total
-------------------------+-------+-------+-------+-------+-------+-------+-------+-------+-------++-------
Melee: Mace              |    90 |   214 |   125 |   397 |   100 |       |       |       |       ||   926
       Punch             |       |     2 |     7 |    21 |     5 |    19 |     7 |       |       ||    61
       Whip              |       |       |   152 |       |       |       |       |       |       ||   152
       Flail             |       |       |   178 |   385 |       |       |       |       |       ||   563
       Dire flail        |       |       |       |       |  1419 |     8 |       |       |       ||  1427
       Great mace        |       |       |       |       |   596 |     7 |       |       |       ||   603
       Broad axe         |       |       |       |       |    31 |   687 |  1302 |  1205 |  1435 ||  4660
       Lajatang          |       |       |       |       |       |    37 |       |       |       ||    37
Throw: Throwing net      |       |       |       |       |     1 |       |     8 |    13 |     4 ||    26
Invok: Heal Self         |       |       |     1 |     5 |    26 |     9 |    25 |     8 |    32 ||   106
       Heal Other        |       |       |       |    24 |    12 |     1 |     9 |     3 |    13 ||    62
       Purification      |       |       |       |       |     1 |       |     3 |     1 |     3 ||     8
       Divine Vigour     |       |       |       |       |       |       |     3 |     6 |     4 ||    13
Evoke: Wand              |       |       |    10 |     7 |     4 |     2 |     7 |       |     2 ||    32
       Phial of floods   |       |       |       |       |     2 |     1 |     1 |       |       ||     4
       Phantom mirror    |       |       |       |       |     1 |     2 |     1 |     1 |       ||     5
       Tin of tremorston |       |       |       |       |       |       |       |     5 |       ||     5
  Use: Scroll            |     1 |     3 |     7 |     8 |    15 |     4 |    11 |     9 |     9 ||    67
       Potion            |       |     3 |     4 |     3 |     1 |    11 |     3 |     6 |    10 ||    41
 Stab: Sleeping          |     2 |     5 |     6 |     4 |    12 |     6 |    16 |    32 |    21 ||   104
       Distracted        |     1 |       |       |       |     5 |     5 |    10 |    11 |    12 ||    44
       Invisible         |       |       |     1 |       |       |       |       |       |       ||     1
       Held in net/web   |       |       |       |       |     1 |       |     1 |    10 |     4 ||    16
       Confused          |       |       |       |       |       |       |       |       |     1 ||     1
Armor: Robe              |    17 |       |       |       |       |       |       |       |       ||    17
       Leather armour    |       |    70 |   168 |   253 |       |       |       |       |       ||   491
       Ring mail         |       |       |       |    37 |   888 |   188 |    28 |       |       ||  1141
       Scale mail        |       |       |       |       |       |       |   390 |   447 |   499 ||  1336
Dodge: Dodged            |    68 |   180 |   300 |   744 |  2807 |   698 |  1030 |  1179 |  1157 ||  8163
Block: Other             |       |       |       |       |   178 |   140 |    51 |       |       ||   369
       Reflection        |       |       |       |       |       |     4 |    28 |       |       ||    32
       Buckler           |       |       |       |       |       |       |   315 |   412 |   443 ||  1170
